 Dungeon Crawl Stone Soup version 0.27-a0-899-ge2d0b17 (webtiles) character file.

Game seed: 8443895135970867840

234 Nithhogg the Skirmisher (level 5, 0/42 HPs)
             Began as a Demonspawn Fighter on Apr 5, 2021.
             Succumbed to Terence's poison
             ... on level 3 of the Dungeon.
             The game lasted 00:03:21 (2627 turns).

Nithhogg the Skirmisher (Demonspawn Fighter)        Turns: 2627, Time: 00:03:22

Health: 0/42       AC:  6    Str: 18    XL:     5   Next: 75%
Magic:  5/5        EV: 10    Int:  9    God:
Gold:   50         SH:  0    Dex: 14    Spells: 4/4 levels left

rFire    . . .     SeeInvis .   a - +0 long sword
rCold    . . .     Faith    .   (no shield)
rNeg     . . .     Spirit   .   b - +0 scale mail
rPois    .         Reflect  .   (no helmet)
rElec    .         Harm     .   (no cloak)
rCorr    .         Rampage  .   (no gloves)
Will     .....                  (no boots)
Stlth    +.........             (no amulet)
HPRegen  0.14/turn              (no ring)
MPRegen  0.09/turn              (no ring)

@: mighty, lethally poisoned (0 -> -29)
A: thin skeletal structure 1, foul stench 1
a: no special abilities


You were on level 3 of the Dungeon.
You visited 1 branch of the dungeon, and saw 3 of its levels.

You collected 50 gold pieces.

Inventory:

Hand Weapons
 a - a +0 long sword (weapon)
Armour
 b - a +0 scale mail (worn)
 c - a +0 kite shield
Jewellery
 h - a ring of magical power
 m - a ring of fire
Scrolls
 g - a scroll of summoning {unknown}
 j - a scroll of identify {unknown}
 n - a scroll of fog {unknown}
 o - a scroll of teleportation {unknown}
Potions
 e - a potion of flight {unknown}
 f - 2 potions of brilliance {unknown}
 i - a potion of curing {unknown}
 k - a potion of attraction {unknown}
 l - 2 potions of degeneration {unknown}
 p - a potion of heal wounds {unknown}


   Skills:
 + Level 3.9 Fighting
 * Level 3.7 Long Blades
 + Level 3.5 Armour
 + Level 2.0 Dodging
 - Level 2.6 Shields


You had 4 spell levels left.
You didn't know any spells.
Your spell library was empty.

Dungeon Overview and Level Annotations

Branches:
Dungeon (3/15)

Altars:

Annotations:
D:3 Terence


Innate Abilities, Weirdness & Mutations

You have a somewhat thin skeletal structure. (Dex +2, Stealth)
You may rarely emit foul miasma when damaged in melee.


Message History

(D) Dungeon
Where to? (Enter - D:2, ? - help)
There is an open door here.
There is a stone staircase leading down here.
You climb downwards.
There is a stone staircase leading up here.
Terence the Incautious comes into view.
He is wielding a +0 trident of venom.
Terence bares his teeth.
Terence hits you but does no damage.
You are poisoned.
You feel sick. Terence hits you but does no damage.
You are more poisoned.
You closely miss Terence.
You feel very sick. Terence hits you but does no damage.
You are more poisoned.
Terence hits you with a +0 trident of venom.
You are more poisoned.
You barely miss Terence.
You feel very sick. Terence barely misses you.
You completely miss Terence.
You feel very sick. Terence closely misses you.
You hit Terence.
Terence is lightly wounded.
You feel very sick.
Terence hits you with a +0 trident of venom.
You are lethally poisoned!
You are too injured to fight recklessly!
You are too injured to fight recklessly!
You are too injured to fight recklessly!
You feel very mighty all of a sudden.
You feel very sick.
Terence hits you with a +0 trident of venom.
* * * LOW HITPOINT WARNING * * *
You are more poisoned.
You slash Terence!
Terence is almost dead.
You die...

## .. #########
###.####<.......
####........######.
#....#.###..####
#.....@@.......#
#....#.###.........
##. #. #.....###.
#. #....... ..
..#...... ##
###..####. ..# ..


You could see Terence.

Vanquished Creatures
  Sigmund (D:2)
  2 adders (D:2)
  2 worms (D:2)
  A dart slug (D:2)
  7 bats
  7 endoplasms
  4 giant cockroaches
  4 goblins
  4 hobgoblins
  5 kobolds
  A quokka (D:2)
  3 ball pythons
  4 frilled lizards
  3 rats
48 creatures vanquished.

Notes
Turn   | Place    | Note
-------+----------+-------------------------------------------
     0 | D:1      | Nithhogg the Demonspawn Fighter began the quest for the
                  | Orb.
     0 | D:1      | Reached XP level 1. HP: 18/18 MP: 1/1
   382 | D:1      | Gained mutation: You may rarely emit foul miasma when
                  | damaged in melee. [demonic ancestry]
   382 | D:1      | Reached XP level 2. HP: 21/24 MP: 2/2
   433 | D:1      | Found a faded altar of an unknown god.
  1406 | D:2      | Reached XP level 3. HP: 28/29 MP: 3/3
  1508 | D:2      | Reached skill level 1 in Dodging
  2221 | D:2      | Gained mutation: You have a somewhat thin skeletal
                  | structure. (Dex +2, Stealth) [demonic ancestry]
  2221 | D:2      | Reached XP level 4. HP: 28/35 MP: 4/4
  2427 | D:2      | Noticed Sigmund
  2436 | D:2      | Killed Sigmund
  2437 | D:2      | Reached XP level 5. HP: 25/42 MP: 5/5
  2617 | D:3      | Noticed Terence
  2627 | D:3      | Succumbed to Terence's poison

Illustrated notes

Levels and vault maps discovered:
D:1:      arrival_zaba_pyramid, layout_loops_ring, basic_ecumenical_altar,
          patterned_corridor
D:2:      layout_basic, minmay_pentomino_p2, uniq_sigmund
D:3:      layout_loops_corners, grunt_temple_overflow_diamond,
          minmay_misc_feat_chi, uniq_terence, uniq_natasha

Skill      XL: |  1  2  3  4 |
---------------+-------------+-----
Long Blades    | 2 3 |  3.7
Armour         | 3 |  3.5
Dodging        | 1 2 |  2.0
Fighting       | |  3.9
Shields        | |  2.6

Action                   |  1- 3 |  4- 6 || total
-------------------------+-------+-------++-------
Melee: Long sword        |   126 |    11 ||   137
  Use: Scroll            |     1 |       ||     1
       Potion            |       |     1 ||     1
Armor: Scale mail        |    66 |     3 ||    69
Dodge: Dodged            |    68 |     8 ||    76
       Rpst.: Long sword |    36 |     2 ||    38

Table legend: (Time is in decaauts)
 A = Elapsed time spent in this place.
 B = Non-inter-level travel time spent in this place.
 C = Inter-level travel time spent in this place.
 D = Time resting spent in this place.
 E = Time spent auto-exploring this place.
 F = Levels seen in this place.
 G = Mean time per level.
                   A        B        C        D        E       F      G
               +--------+--------+--------+--------+--------+-----+--------+
         Total |   2663 |   2578 |     85 |      4 |   2219 |   3 |  887.7 |
       Dungeon |   2663 |   2578 |     85 |      4 |   2219 |   3 |  887.7 |
               +--------+--------+--------+--------+--------+-----+--------+

Top non-repeatable levels by time:
     D:1: 1362 daAuts
     D:2: 1286 daAuts
     D:3: 13 daAuts
